[ AOE2 MATCH · #456997284 ]
UnrankedAztecs vs Portuguese
[ REPLAY ANALYSIS · EXTRACTED FROM THE RECORDED GAME ]
Feudal
14:23
Castle
28:37
Imperial
—
| APM avg | 8.4 |
| APM peak | 30 |
| eAPM avg | 6.6 |
| Villagers / military | 76 / 0 |
Focus
⚔️ 4.0% · 🌾 96.0%
Trade Cart ×37
Feudal
10:05
Castle
14:13
Imperial
33:32
| APM avg | 25.2 |
| APM peak | 56 |
| eAPM avg | 16.5 |
| Villagers / military | 143 / 41 |
Focus
⚔️ 12.2% · 🌾 87.8%
War Elephant ×41 · Trade Cart ×13
Feudal
10:51
Castle
24:09
Imperial
29:12
| APM avg | 19.8 |
| APM peak | 94 |
| eAPM avg | 10.4 |
| Villagers / military | 63 / 18 |
Focus
⚔️ 8.7% · 🌾 91.3%
Trade Cart ×59 · Iron Pagoda ×18
Feudal
11:02
Castle
15:18
Imperial
30:27
| APM avg | 22.9 |
| APM peak | 41 |
| eAPM avg | 11.9 |
| Villagers / military | 115 / 35 |
Focus
⚔️ 16.0% · 🌾 84.0%
Knight ×34 · Scout Cavalry ×1
Feudal
11:26
Castle
—
Imperial
—
| APM avg | 4.3 |
| APM peak | 20 |
| eAPM avg | 3.2 |
| Villagers / military | 34 / 4 |
Focus
⚔️ 15.0% · 🌾 85.0%
Spearman ×4
Feudal
12:35
Castle
24:25
Imperial
—
| APM avg | 5.6 |
| APM peak | 24 |
| eAPM avg | 4.6 |
| Villagers / military | 43 / 0 |
Focus
⚔️ 6.6% · 🌾 93.4%
Trade Cart ×6
Feudal
12:13
Castle
—
Imperial
—
| APM avg | 9.2 |
| APM peak | 28 |
| eAPM avg | 6.0 |
| Villagers / military | 51 / 0 |
Focus
⚔️ 24.2% · 🌾 75.8%
Unknown (2550) ×12
Feudal
11:24
Castle
20:19
Imperial
35:28
| APM avg | 16.3 |
| APM peak | 43 |
| eAPM avg | 9.7 |
| Villagers / military | 57 / 57 |
Focus
⚔️ 31.2% · 🌾 68.8%
Archer ×29 · Spearman ×27 · Unknown (2579) ×3 · Battering Ram ×1
Match map
Initial resources + every placement click. Lines = walls · curves = elevation contours. ◆ gold · ⬟ stone · ● berries · ✦ relic · ◌ wall gap
Your base· Open — unwalled flank
Swamp's base· Open — unwalled flank
Xue-tenantSHEEP's base· Open — unwalled flank
Przemoboski's base· Open — unwalled flank
Andrea's base· Open — unwalled flank
DMRL's base· Open — unwalled flank
JB18CM's base· Open — unwalled flank
Brownapple's base· Open — unwalled flank
Smoothed initial terrain · ◌ = detected wall gap · hover for details
Inputs per minute
— Janko - - Swamp
Build order — Janko
145 actions detected in the replay
| 0:09 | Create | Villager (Male) |
| 0:09 | Create | Villager (Male) |
| 0:10 | Create | Villager (Male) |
| 0:11 | Build | House |
| 0:12 | Build | House |
| 0:26 | Create | Villager (Male) |
| 0:26 | Create | Villager (Male) |
| 0:48 | Build | Lumber Camp |
| 0:48 | Build | Lumber Camp |
| 1:10 | Research | Loom |
| 1:51 | Create | Villager (Male) |
| 2:27 | Create | Villager (Male) |
| 3:16 | Create | Villager (Male) |
| 3:16 | Create | Villager (Male) |
| 4:06 | Create | Villager (Male) |
| 4:06 | Create | Villager (Male) |
| 4:24 | Create | Villager (Male) |
| 4:24 | Create | Villager (Male) |
| 4:34 | Create | Villager (Male) |
| 5:05 | Create | Villager (Male) |
| 5:16 | Build | Mill |
| 5:30 | Build | House |
| 5:31 | Build | House |
| 6:45 | Create | Villager (Male) |
| 6:45 | Create | Villager (Male) |
| 6:46 | Create | Villager (Male) |
| 6:46 | Create | Villager (Male) |
| 8:10 | Build | Mining Camp |
| 8:47 | Create | Villager (Male) |
| 11:14 | Create | Villager (Male) |
| 11:14 | Create | Villager (Male) |
| 12:11 | Build | Farm |
| 12:13 | Research | Feudal Age |
| 13:30 | Create | Villager (Male) |
| 13:30 | Create | Villager (Male) |
| 13:30 | Create | Villager (Male) |
| 13:41 | Build | Mill |
| 14:23 | Age | Feudal Age |
| 15:07 | Research | Horse Collar |
| 15:13 | Build | House |
| 15:14 | Build | House |
| 15:17 | Build | House |
| 15:19 | Build | House |
| 15:20 | Build | House |
| 15:21 | Build | House |
| 15:30 | Research | Wheelbarrow |
| 15:34 | Research | Double-Bit Axe |
| 17:09 | Create | Villager (Male) |
| 17:09 | Create | Villager (Male) |
| 17:09 | Create | Villager (Male) |
| 17:09 | Create | Villager (Male) |
| 17:14 | Create | Villager (Male) |
| 17:36 | Build | Farm |
| 17:37 | Build | Farm |
| 17:38 | Build | Farm |
| 17:40 | Build | Farm |
| 17:42 | Build | Farm |
| 17:43 | Build | Farm |
| 17:48 | Build | Farm |
| 17:50 | Build | Farm |
| 17:53 | Build | Farm |
| 17:56 | Build | Farm |
| 17:57 | Build | Farm |
| 18:26 | Create | Villager (Male) |
| 18:44 | Build | Farm |
| 18:56 | Build | Farm |
| 20:48 | Create | Villager (Male) |
| 20:48 | Create | Villager (Male) |
| 20:49 | Create | Villager (Male) |
| 20:49 | Create | Villager (Male) |
| 20:52 | Create | Villager (Male) |
| 20:52 | Create | Villager (Male) |
| 21:08 | Build | Farm |
| 21:57 | Build | Mining Camp |
| 22:11 | Build | Blacksmith |
| 22:25 | Build | Market |
| 22:26 | Build | Market |
| 23:52 | Create | Villager (Male) |
| 23:53 | Create | Villager (Male) |
| 23:53 | Create | Villager (Male) |
| 23:53 | Create | Villager (Male) |
| 23:53 | Create | Villager (Male) |
| 23:55 | Create | Villager (Male) |
| 23:55 | Create | Villager (Male) |
| 23:56 | Create | Villager (Male) |
| 25:49 | Research | Castle Age |
| 25:57 | Build | Lumber Camp |
| 26:13 | Create | Trade Cart ×5 |
| 26:13 | Create | Trade Cart ×5 |
| 26:13 | Create | Trade Cart ×5 |
| 26:14 | Create | Trade Cart |
| 28:31 | Create | Trade Cart ×5 |
| 28:37 | Age | Castle Age |
| 29:01 | Build | Farm |
| 29:04 | Create | Villager (Male) |
| 29:04 | Create | Villager (Male) |
| 29:04 | Create | Villager (Male) |
| 29:05 | Create | Villager (Male) |
| 29:05 | Create | Villager (Male) |
| 29:05 | Create | Villager (Male) |
| 29:06 | Create | Villager (Male) |
| 29:37 | Build | Town Center |
| 30:59 | Build | House |
| 31:00 | Build | House |
| 31:01 | Build | House |
| 31:02 | Build | House |
| 31:03 | Build | House |
| 31:23 | Build | Farm |
| 31:36 | Research | Heavy Plow |
| 31:37 | Research | Heavy Plow |
| 31:47 | Research | Caravan |
| 33:05 | Create | Villager (Male) |
| 33:05 | Create | Villager (Male) |
| 33:05 | Create | Villager (Male) |
| 33:05 | Create | Villager (Male) |
| 33:06 | Create | Villager (Male) |
| 33:06 | Create | Villager (Male) |
| 33:10 | Research | Hand Cart |
| 33:11 | Create | Villager (Male) |
| 33:11 | Create | Villager (Male) |
| 33:11 | Create | Villager (Male) |
| 33:11 | Create | Villager (Male) |
| 33:12 | Create | Villager (Male) |
| 33:31 | Build | Town Center |
| 35:22 | Create | Villager (Male) |
| 35:22 | Create | Villager (Male) |
| 35:22 | Create | Villager (Male) |
| 35:22 | Create | Villager (Male) |
| 35:22 | Create | Villager (Male) |
| 35:23 | Create | Villager (Male) |
| 35:50 | Build | Market |
| 35:53 | Build | Market |
| 35:56 | Create | Trade Cart ×5 |
| 35:56 | Create | Trade Cart |
| 36:20 | Create | Villager (Male) |
| 36:20 | Create | Villager (Male) |
| 36:20 | Create | Villager (Male) |
| 36:21 | Create | Villager (Male) |
| 36:21 | Create | Villager (Male) |
| 36:26 | Research | Bow Saw |
| 36:35 | Create | Villager (Male) |
| 36:36 | Create | Villager (Male) |
| 36:41 | Build | Mining Camp |
| 37:05 | Create | Trade Cart ×5 |
| 37:05 | Create | Trade Cart ×5 |
Build order — Swamp
First 150 of 348 actions detected
| 0:03 | Build | House |
| 0:04 | Build | House |
| 0:05 | Create | Villager (Male) |
| 0:05 | Create | Villager (Male) |
| 0:06 | Create | Villager (Male) |
| 0:06 | Create | Villager (Male) |
| 0:06 | Create | Villager (Male) |
| 0:06 | Create | Villager (Male) |
| 0:07 | Research | Loom |
| 1:36 | Create | Villager (Male) |
| 2:17 | Create | Villager (Male) |
| 3:05 | Build | Lumber Camp |
| 3:06 | Create | Villager (Male) |
| 3:36 | Create | Villager (Male) |
| 3:36 | Create | Villager (Male) |
| 3:57 | Create | Villager (Male) |
| 3:58 | Create | Villager (Male) |
| 4:03 | Build | House |
| 4:40 | Create | Villager (Male) |
| 4:41 | Create | Villager (Male) |
| 5:00 | Build | Mill |
| 5:02 | Create | Villager (Male) |
| 5:37 | Create | Villager (Male) |
| 6:02 | Build | House |
| 6:10 | Create | Villager (Male) |
| 6:38 | Create | Villager (Male) |
| 6:54 | Create | Villager (Male) |
| 7:41 | Create | Villager (Male) |
| 7:44 | Build | Mining Camp |
| 7:53 | Research | Feudal Age |
| 8:34 | Create | Villager (Male) |
| 8:34 | Create | Villager (Male) |
| 8:35 | Create | Villager (Male) |
| 8:40 | Build | House |
| 9:04 | Create | Villager (Male) |
| 10:05 | Age | Feudal Age |
| 10:08 | Build | Market |
| 10:18 | Build | Blacksmith |
| 11:48 | Research | Castle Age |
| 12:23 | Build | House |
| 12:25 | Build | House |
| 12:26 | Build | House |
| 12:34 | Build | Farm |
| 12:38 | Build | Farm |
| 12:39 | Research | Double-Bit Axe |
| 12:42 | Build | Farm |
| 12:49 | Research | Horse Collar |
| 13:16 | Create | Villager (Male) |
| 13:17 | Create | Villager (Male) |
| 13:20 | Create | Villager (Male) |
| 14:13 | Age | Castle Age |
| 14:22 | Build | Town Center |
| 14:31 | Build | Town Center |
| 14:36 | Create | Villager (Male) |
| 14:47 | Create | Villager (Male) |
| 15:26 | Create | Villager (Male) |
| 15:49 | Build | Town Center |
| 15:56 | Create | Villager (Male) |
| 15:57 | Create | Villager (Male) |
| 15:59 | Create | Villager (Male) |
| 16:08 | Create | Villager (Male) |
| 16:10 | Create | Villager (Male) |
| 16:17 | Build | Farm |
| 16:26 | Build | Farm |
| 16:44 | Create | Villager (Male) |
| 16:50 | Build | Farm |
| 16:52 | Build | Farm |
| 17:01 | Build | Farm |
| 17:05 | Build | Farm |
| 17:18 | Build | Farm |
| 17:20 | Create | Villager (Male) |
| 17:30 | Build | Farm |
| 17:40 | Build | Farm |
| 17:44 | Create | Villager (Male) |
| 17:52 | Build | Farm |
| 17:57 | Build | Farm |
| 18:15 | Create | Villager (Male) |
| 18:19 | Create | Villager (Male) |
| 18:26 | Build | Farm |
| 18:28 | Build | Farm |
| 18:38 | Build | Farm |
| 18:39 | Create | Villager (Male) |
| 18:41 | Create | Villager (Male) |
| 18:51 | Build | Lumber Camp |
| 18:54 | Create | Villager (Male) |
| 19:01 | Create | Villager (Male) |
| 19:07 | Build | Farm |
| 19:12 | Build | Farm |
| 19:14 | Create | Villager (Male) |
| 19:21 | Create | Villager (Male) |
| 19:28 | Create | Villager (Male) |
| 19:39 | Create | Villager (Male) |
| 19:43 | Build | Farm |
| 19:45 | Build | Farm |
| 19:55 | Create | Villager (Male) |
| 19:57 | Create | Villager (Male) |
| 20:02 | Create | Villager (Male) |
| 20:09 | Create | Villager (Male) |
| 20:23 | Build | Town Center |
| 20:43 | Create | Villager (Male) |
| 20:46 | Create | Villager (Male) |
| 20:52 | Research | Wheelbarrow |
| 20:59 | Build | Farm |
| 21:02 | Build | Farm |
| 21:05 | Create | Villager (Male) |
| 21:06 | Create | Villager (Male) |
| 21:10 | Create | Villager (Male) |
| 21:22 | Create | Villager (Male) |
| 21:26 | Create | Villager (Male) |
| 21:30 | Create | Villager (Male) |
| 21:36 | Build | House |
| 21:37 | Build | House |
| 21:37 | Build | House |
| 21:38 | Build | House |
| 21:38 | Build | House |
| 21:54 | Research | Bow Saw |
| 22:05 | Create | Villager (Male) |
| 22:07 | Create | Villager (Male) |
| 22:27 | Build | Castle |
| 22:31 | Research | Heavy Plow |
| 22:33 | Create | Villager (Male) |
| 22:34 | Create | Villager (Male) |
| 22:38 | Create | Villager (Male) |
| 22:42 | Build | Farm |
| 22:46 | Build | Farm |
| 22:49 | Build | Farm |
| 22:51 | Create | Villager (Male) |
| 22:53 | Create | Villager (Male) |
| 22:54 | Create | Villager (Male) |
| 22:59 | Build | Farm |
| 23:01 | Build | Farm |
| 23:08 | Create | Villager (Male) |
| 23:09 | Create | Villager (Male) |
| 23:12 | Build | Farm |
| 23:16 | Build | Farm |
| 23:19 | Build | Farm |
| 23:20 | Create | Villager (Male) |
| 23:24 | Create | Villager (Male) |
| 23:26 | Create | Villager (Male) |
| 23:41 | Build | Castle |
| 23:57 | Create | Villager (Male) |
| 23:59 | Create | Villager (Male) |
| 24:02 | Create | Villager (Male) |
| 24:05 | Research | Forging |
| 24:06 | Create | Villager (Male) |
| 24:09 | Create | Villager (Male) |
| 24:10 | Create | Villager (Male) |
| 24:13 | Build | Farm |
| 24:15 | Build | Farm |
| 24:17 | Build | Farm |
Build order — Xue-tenantSHEEP
First 150 of 218 actions detected
| 0:02 | Create | Villager (Male) |
| 0:02 | Create | Villager (Male) |
| 0:02 | Create | Villager (Male) |
| 0:04 | Build | House |
| 0:18 | Create | Villager (Male) |
| 0:32 | Build | Lumber Camp |
| 1:20 | Build | House |
| 1:21 | Build | House |
| 1:33 | Create | Villager (Male) |
| 2:11 | Research | Loom |
| 2:28 | Create | Villager (Male) |
| 2:48 | Create | Villager (Male) |
| 3:16 | Create | Villager (Male) |
| 3:17 | Create | Villager (Male) |
| 3:17 | Create | Villager (Male) |
| 3:54 | Create | Villager (Male) |
| 4:56 | Create | Villager (Male) |
| 5:17 | Create | Villager (Male) |
| 5:38 | Create | Villager (Male) |
| 5:38 | Create | Villager (Male) |
| 5:38 | Create | Villager (Male) |
| 5:48 | Build | Mill |
| 5:58 | Create | Villager (Male) |
| 5:58 | Create | Villager (Male) |
| 6:16 | Build | House |
| 7:38 | Create | Villager (Male) |
| 8:14 | Create | Villager (Male) |
| 8:30 | Research | Feudal Age |
| 9:24 | Build | House |
| 9:26 | Build | House |
| 9:27 | Build | House |
| 9:30 | Build | House |
| 9:31 | Build | House |
| 9:32 | Build | House |
| 10:51 | Age | Feudal Age |
| 10:57 | Create | Villager (Male) |
| 10:57 | Create | Villager (Male) |
| 10:57 | Create | Villager (Male) |
| 11:07 | Build | Market |
| 11:21 | Build | Mining Camp |
| 12:06 | Create | Villager (Male) |
| 12:06 | Create | Villager (Male) |
| 12:06 | Create | Villager (Male) |
| 12:16 | Build | Lumber Camp |
| 12:25 | Create | Villager (Male) |
| 12:39 | Create | Trade Cart |
| 12:55 | Research | Horse Collar |
| 12:56 | Create | Villager (Male) |
| 12:56 | Create | Villager (Male) |
| 13:21 | Create | Trade Cart |
| 13:25 | Research | Double-Bit Axe |
| 13:55 | Create | Trade Cart |
| 13:58 | Build | House |
| 13:59 | Build | House |
| 14:01 | Build | House |
| 14:01 | Build | House |
| 14:03 | Build | House |
| 14:22 | Create | Trade Cart |
| 14:43 | Create | Villager (Male) |
| 14:50 | Create | Villager (Male) |
| 14:59 | Build | Market |
| 15:09 | Create | Villager (Male) |
| 15:14 | Build | Farm |
| 15:19 | Build | Farm |
| 15:25 | Create | Trade Cart |
| 15:45 | Build | Farm |
| 15:52 | Create | Villager (Male) |
| 16:03 | Build | Market |
| 16:12 | Create | Villager (Male) |
| 16:16 | Build | Farm |
| 16:24 | Build | House |
| 16:27 | Build | House |
| 16:28 | Build | House |
| 16:29 | Build | House |
| 16:30 | Build | House |
| 16:31 | Build | House |
| 16:33 | Build | House |
| 16:33 | Build | House |
| 16:35 | Create | Villager (Male) |
| 16:52 | Create | Trade Cart |
| 16:54 | Create | Trade Cart |
| 17:06 | Create | Villager (Male) |
| 17:11 | Build | Farm |
| 17:15 | Build | Farm |
| 17:18 | Create | Trade Cart |
| 17:27 | Create | Villager (Male) |
| 17:27 | Create | Villager (Male) |
| 17:36 | Create | Trade Cart |
| 17:44 | Build | Farm |
| 17:49 | Build | Farm |
| 18:07 | Create | Trade Cart |
| 18:22 | Create | Villager (Male) |
| 18:22 | Create | Villager (Male) |
| 18:27 | Build | Farm |
| 18:39 | Build | Farm |
| 18:43 | Create | Trade Cart |
| 18:44 | Create | Trade Cart |
| 18:48 | Create | Villager (Male) |
| 18:48 | Create | Villager (Male) |
| 19:02 | Build | Farm |
| 19:04 | Create | Villager (Male) |
| 19:07 | Create | Trade Cart |
| 19:15 | Create | Trade Cart |
| 19:27 | Create | Villager (Male) |
| 19:36 | Create | Trade Cart |
| 19:54 | Build | Blacksmith |
| 20:04 | Build | Farm |
| 20:05 | Build | Farm |
| 20:07 | Build | Farm |
| 20:10 | Build | Farm |
| 20:21 | Create | Trade Cart |
| 20:44 | Create | Trade Cart |
| 20:51 | Create | Trade Cart |
| 21:04 | Create | Villager (Male) |
| 21:04 | Create | Villager (Male) |
| 21:07 | Create | Trade Cart |
| 21:18 | Research | Castle Age |
| 21:23 | Create | Trade Cart |
| 21:28 | Create | Trade Cart |
| 21:45 | Create | Trade Cart |
| 21:56 | Create | Trade Cart |
| 22:17 | Create | Trade Cart |
| 22:25 | Build | Mining Camp |
| 22:38 | Build | Mining Camp |
| 22:57 | Create | Trade Cart |
| 23:09 | Create | Trade Cart |
| 23:28 | Create | Trade Cart |
| 23:48 | Create | Trade Cart |
| 24:09 | Age | Castle Age |
| 24:19 | Build | Castle |
| 24:33 | Research | Bow Saw |
| 24:37 | Research | Caravan |
| 24:46 | Create | Trade Cart |
| 24:47 | Create | Villager (Male) |
| 24:47 | Create | Villager (Male) |
| 24:55 | Create | Villager (Male) |
| 24:55 | Create | Villager (Male) |
| 24:57 | Create | Villager (Male) |
| 25:11 | Create | Trade Cart |
| 25:59 | Research | Imperial Age |
| 26:03 | Create | Trade Cart |
| 26:04 | Create | Trade Cart |
| 26:47 | Build | Siege Workshop |
| 26:55 | Research | Wheelbarrow |
| 26:57 | Create | Trade Cart |
| 27:12 | Create | Trade Cart |
| 27:23 | Research | Scale Mail Armor |
| 27:25 | Research | Forging |
| 27:29 | Create | Trade Cart |
| 27:35 | Create | Trade Cart |
Build order — Przemoboski
First 150 of 256 actions detected
| 0:02 | Build | House |
| 0:04 | Build | House |
| 0:04 | Create | Villager (Male) |
| 0:04 | Create | Villager (Male) |
| 0:05 | Create | Villager (Male) |
| 0:05 | Create | Villager (Male) |
| 1:31 | Create | Villager (Male) |
| 2:01 | Build | Lumber Camp |
| 2:34 | Create | Villager (Male) |
| 2:34 | Create | Villager (Male) |
| 3:02 | Create | Villager (Male) |
| 3:37 | Create | Villager (Male) |
| 4:08 | Build | House |
| 4:15 | Create | Villager (Male) |
| 4:19 | Build | Mill |
| 4:42 | Create | Villager (Male) |
| 4:42 | Create | Villager (Male) |
| 4:42 | Create | Villager (Male) |
| 5:49 | Create | Villager (Male) |
| 5:57 | Create | Villager (Male) |
| 6:15 | Create | Villager (Male) |
| 6:56 | Build | House |
| 7:00 | Research | Loom |
| 7:04 | Create | Villager (Male) |
| 7:08 | Create | Villager (Male) |
| 7:42 | Create | Villager (Male) |
| 8:33 | Build | Mining Camp |
| 8:41 | Research | Feudal Age |
| 9:34 | Create | Villager (Male) |
| 9:35 | Create | Villager (Male) |
| 11:02 | Age | Feudal Age |
| 11:08 | Build | Market |
| 11:15 | Build | Blacksmith |
| 11:17 | Build | House |
| 11:23 | Research | Double-Bit Axe |
| 12:22 | Create | Villager (Male) |
| 12:38 | Research | Castle Age |
| 12:47 | Build | Farm |
| 12:47 | Build | Farm |
| 12:48 | Build | Farm |
| 12:48 | Build | Farm |
| 12:48 | Build | Farm |
| 12:48 | Build | Farm |
| 12:55 | Build | Farm |
| 13:22 | Build | Farm |
| 13:39 | Create | Villager (Male) |
| 13:39 | Create | Villager (Male) |
| 14:49 | Research | Scale Barding Armor |
| 15:18 | Age | Castle Age |
| 15:23 | Build | Town Center |
| 15:46 | Create | Villager (Male) |
| 15:52 | Build | House |
| 15:54 | Build | House |
| 15:55 | Build | House |
| 15:55 | Build | House |
| 15:57 | Build | House |
| 15:57 | Build | House |
| 16:18 | Create | Villager (Male) |
| 16:43 | Create | Villager (Male) |
| 17:10 | Build | Town Center |
| 17:29 | Create | Villager (Male) |
| 17:30 | Create | Villager (Male) |
| 18:19 | Create | Villager (Male) |
| 18:19 | Create | Villager (Male) |
| 19:13 | Create | Villager (Male) |
| 19:13 | Create | Villager (Male) |
| 19:17 | Research | Bow Saw |
| 19:33 | Build | Mining Camp |
| 19:37 | Build | House |
| 19:41 | Build | House |
| 19:42 | Build | House |
| 19:43 | Build | House |
| 19:43 | Build | House |
| 19:44 | Build | House |
| 19:59 | Create | Villager (Male) |
| 20:00 | Create | Villager (Male) |
| 20:06 | Build | Lumber Camp |
| 20:52 | Create | Villager (Male) |
| 21:05 | Create | Villager (Male) |
| 21:05 | Create | Villager (Male) |
| 21:06 | Create | Villager (Male) |
| 21:06 | Create | Villager (Male) |
| 21:06 | Create | Villager (Male) |
| 21:06 | Create | Villager (Male) |
| 21:06 | Create | Villager (Male) |
| 21:07 | Create | Villager (Male) |
| 21:07 | Create | Villager (Male) |
| 21:07 | Create | Villager (Male) |
| 21:10 | Build | Farm |
| 21:10 | Build | Farm |
| 21:10 | Build | Farm |
| 21:10 | Build | Farm |
| 21:10 | Build | Farm |
| 21:11 | Build | Farm |
| 21:41 | Create | Villager (Male) |
| 22:17 | Create | Villager (Male) |
| 22:32 | Create | Villager (Male) |
| 22:32 | Create | Villager (Male) |
| 22:46 | Build | Farm |
| 22:46 | Build | Farm |
| 22:46 | Build | Farm |
| 22:46 | Build | Farm |
| 22:47 | Build | Farm |
| 22:52 | Create | Villager (Male) |
| 22:53 | Create | Villager (Male) |
| 22:53 | Create | Villager (Male) |
| 23:50 | Create | Villager (Male) |
| 23:51 | Create | Villager (Male) |
| 23:51 | Create | Villager (Male) |
| 24:01 | Create | Villager (Male) |
| 24:02 | Create | Villager (Male) |
| 24:02 | Create | Villager (Male) |
| 24:10 | Build | Farm |
| 24:10 | Build | Farm |
| 24:11 | Build | Farm |
| 24:11 | Build | Farm |
| 24:11 | Build | Farm |
| 24:11 | Build | Farm |
| 24:18 | Build | Farm |
| 24:18 | Build | Farm |
| 24:18 | Build | Farm |
| 24:48 | Build | Castle |
| 24:49 | Build | Mining Camp |
| 25:10 | Create | Villager (Male) |
| 25:10 | Create | Villager (Male) |
| 25:11 | Create | Villager (Male) |
| 25:24 | Create | Villager (Male) |
| 25:24 | Create | Villager (Male) |
| 25:42 | Create | Villager (Male) |
| 26:14 | Build | House |
| 26:15 | Build | House |
| 26:26 | Build | Barracks |
| 26:28 | Build | House |
| 26:29 | Build | House |
| 26:31 | Build | House |
| 26:33 | Build | House |
| 27:15 | Create | Villager (Male) |
| 27:17 | Research | Imperial Age |
| 27:25 | Create | Villager (Male) |
| 27:25 | Create | Villager (Male) |
| 27:28 | Create | Villager (Male) |
| 27:29 | Create | Villager (Male) |
| 27:29 | Create | Villager (Male) |
| 27:43 | Build | Stable |
| 27:46 | Build | Stable |
| 27:47 | Build | Stable |
| 27:49 | Build | Stable |
| 27:49 | Build | Stable |
| 27:52 | Build | Stable |
| 27:53 | Build | Stable |
Build order — Andrea
64 actions detected in the replay
| 0:09 | Create | Villager (Male) |
| 0:10 | Research | Loom |
| 0:47 | Build | House |
| 0:47 | Build | House |
| 0:48 | Build | House |
| 1:26 | Create | Villager (Male) |
| 1:26 | Create | Villager (Male) |
| 1:27 | Create | Villager (Male) |
| 1:27 | Create | Villager (Male) |
| 1:49 | Create | Villager (Male) |
| 1:49 | Create | Villager (Male) |
| 2:38 | Create | Villager (Male) |
| 2:39 | Create | Villager (Male) |
| 2:57 | Build | Mill |
| 3:42 | Create | Villager (Male) |
| 3:42 | Create | Villager (Male) |
| 3:43 | Create | Villager (Male) |
| 4:26 | Create | Villager (Male) |
| 5:10 | Create | Villager (Male) |
| 5:31 | Create | Villager (Male) |
| 5:51 | Create | Villager (Male) |
| 6:17 | Create | Villager (Male) |
| 6:48 | Create | Villager (Male) |
| 7:00 | Build | Lumber Camp |
| 7:06 | Build | House |
| 7:14 | Create | Villager (Male) |
| 7:44 | Create | Villager (Male) |
| 8:11 | Create | Villager (Male) |
| 8:44 | Create | Villager (Male) |
| 9:16 | Research | Feudal Age |
| 11:12 | Build | Barracks |
| 11:26 | Age | Feudal Age |
| 11:40 | Research | Wheelbarrow |
| 12:13 | Research | Double-Bit Axe |
| 12:19 | Research | Horse Collar |
| 14:07 | Build | Farm |
| 14:09 | Build | Farm |
| 14:12 | Build | Farm |
| 14:17 | Create | Villager (Male) |
| 14:17 | Create | Villager (Male) |
| 14:18 | Create | Villager (Male) |
| 14:18 | Create | Villager (Male) |
| 14:18 | Create | Villager (Male) |
| 14:19 | Create | Villager (Male) |
| 14:19 | Create | Villager (Male) |
| 14:19 | Create | Villager (Male) |
| 14:19 | Create | Villager (Male) |
| 14:33 | Create | Spearman |
| 14:33 | Create | Spearman |
| 14:55 | Build | Farm |
| 14:57 | Build | Farm |
| 14:59 | Build | Farm |
| 15:10 | Create | Spearman |
| 15:10 | Create | Spearman |
| 15:18 | Build | House |
| 15:18 | Build | House |
| 15:30 | Build | Farm |
| 16:33 | Build | Blacksmith |
| 16:47 | Build | Market |
| 17:05 | Research | Man-at-Arms (upgrade) |
| 17:21 | Build | Mining Camp |
| 17:24 | Create | Villager (Male) |
| 17:25 | Create | Villager (Male) |
| 17:25 | Create | Villager (Male) |
Build order — DMRL
90 actions detected in the replay
| 0:09 | Build | Farm |
| 0:17 | Build | House |
| 0:18 | Build | House |
| 0:19 | Build | House |
| 0:22 | Build | House |
| 0:24 | Build | House |
| 0:28 | Build | House |
| 0:31 | Build | House |
| 1:07 | Create | Villager (Male) |
| 1:23 | Create | Villager (Male) |
| 1:23 | Create | Villager (Male) |
| 1:23 | Create | Villager (Male) |
| 1:23 | Create | Villager (Male) |
| 1:23 | Create | Villager (Male) |
| 2:47 | Create | Villager (Male) |
| 2:47 | Create | Villager (Male) |
| 2:47 | Create | Villager (Male) |
| 2:47 | Create | Villager (Male) |
| 2:47 | Create | Villager (Male) |
| 2:47 | Create | Villager (Male) |
| 2:47 | Create | Villager (Male) |
| 3:10 | Research | Loom |
| 3:47 | Build | Mill |
| 4:48 | Create | Villager (Male) |
| 4:48 | Create | Villager (Male) |
| 4:48 | Create | Villager (Male) |
| 4:48 | Create | Villager (Male) |
| 4:48 | Create | Villager (Male) |
| 4:48 | Create | Villager (Male) |
| 4:48 | Create | Villager (Male) |
| 4:49 | Create | Villager (Male) |
| 4:57 | Build | Lumber Camp |
| 5:25 | Build | Farm |
| 5:58 | Create | Villager (Male) |
| 5:58 | Create | Villager (Male) |
| 5:58 | Create | Villager (Male) |
| 5:58 | Create | Villager (Male) |
| 5:58 | Create | Villager (Male) |
| 5:58 | Create | Villager (Male) |
| 5:58 | Create | Villager (Male) |
| 10:25 | Research | Feudal Age |
| 11:25 | Create | Villager (Male) |
| 11:25 | Create | Villager (Male) |
| 11:25 | Create | Villager (Male) |
| 11:25 | Create | Villager (Male) |
| 11:25 | Create | Villager (Male) |
| 11:25 | Create | Villager (Male) |
| 11:25 | Create | Villager (Male) |
| 11:25 | Create | Villager (Male) |
| 12:35 | Age | Feudal Age |
| 12:41 | Research | Town Watch |
| 13:16 | Research | Horse Collar |
| 13:34 | Build | Farm |
| 13:38 | Research | Double-Bit Axe |
| 14:02 | Build | Mining Camp |
| 14:38 | Build | Market |
| 15:35 | Research | Wheelbarrow |
| 19:29 | Build | Farm |
| 19:30 | Build | Farm |
| 19:34 | Build | Farm |
| 21:45 | Research | Castle Age |
| 24:25 | Age | Castle Age |
| 24:32 | Research | Hand Cart |
| 27:26 | Create | Villager (Male) |
| 27:26 | Create | Villager (Male) |
| 27:26 | Create | Villager (Male) |
| 27:26 | Create | Villager (Male) |
| 27:26 | Create | Villager (Male) |
| 27:26 | Create | Villager (Male) |
| 27:26 | Create | Villager (Male) |
| 28:20 | Research | Bow Saw |
| 29:10 | Research | Heavy Plow |
| 31:22 | Build | Blacksmith |
| 31:33 | Build | University |
| 32:14 | Build | Barracks |
| 33:52 | Build | Siege Workshop |
| 33:53 | Build | Siege Workshop |
| 33:56 | Build | Siege Workshop |
| 33:59 | Build | Siege Workshop |
| 34:21 | Build | Farm |
| 34:23 | Build | Farm |
| 34:51 | Build | Farm |
| 35:41 | Create | Trade Cart |
| 35:41 | Create | Trade Cart |
| 35:41 | Create | Trade Cart |
| 35:41 | Create | Trade Cart |
| 35:41 | Create | Trade Cart |
| 35:41 | Create | Trade Cart |
| 36:39 | Build | Siege Workshop |
| 36:41 | Build | Siege Workshop |
Build order — JB18CM
109 actions detected in the replay
| 0:03 | Create | Villager (Male) |
| 0:03 | Create | Villager (Male) |
| 0:03 | Research | Loom |
| 0:04 | Create | Villager (Male) |
| 0:04 | Create | Villager (Male) |
| 0:04 | Create | Villager (Male) |
| 0:06 | Build | House |
| 0:07 | Build | House |
| 0:37 | Build | Settlement |
| 1:41 | Create | Villager (Male) |
| 1:41 | Create | Villager (Male) |
| 2:15 | Create | Villager (Male) |
| 2:48 | Create | Villager (Male) |
| 3:23 | Create | Villager (Male) |
| 3:23 | Create | Villager (Male) |
| 3:24 | Create | Villager (Male) |
| 3:44 | Create | Villager (Male) |
| 3:44 | Create | Villager (Male) |
| 4:25 | Create | Villager (Male) |
| 4:26 | Create | Villager (Male) |
| 4:26 | Create | Villager (Male) |
| 4:34 | Create | Villager (Male) |
| 4:34 | Create | Villager (Male) |
| 4:49 | Create | Villager (Male) |
| 4:50 | Create | Villager (Male) |
| 5:10 | Create | Villager (Male) |
| 5:11 | Create | Villager (Male) |
| 5:11 | Create | Villager (Male) |
| 5:51 | Create | Villager (Male) |
| 5:52 | Create | Villager (Male) |
| 5:52 | Create | Villager (Male) |
| 6:03 | Build | House |
| 6:16 | Build | House |
| 6:17 | Build | House |
| 6:22 | Create | Villager (Male) |
| 6:22 | Create | Villager (Male) |
| 7:24 | Build | Barracks |
| 7:34 | Create | Villager (Male) |
| 8:10 | Build | House |
| 8:16 | Create | Villager (Male) |
| 8:35 | Create | Villager (Male) |
| 8:46 | Build | Settlement |
| 9:27 | Create | Villager (Male) |
| 9:30 | Build | Settlement |
| 9:36 | Research | Feudal Age |
| 9:49 | Create | Unit 2550 |
| 9:50 | Create | Unit 2550 |
| 9:50 | Create | Unit 2550 |
| 11:10 | Create | Unit 2550 |
| 11:11 | Create | Unit 2550 |
| 11:13 | Create | Villager (Male) |
| 11:13 | Create | Villager (Male) |
| 11:44 | Create | Unit 2550 |
| 11:45 | Create | Unit 2550 |
| 12:13 | Age | Feudal Age |
| 12:19 | Research | Horse Collar |
| 12:19 | Research | Double-Bit Axe |
| 12:20 | Research | Double-Bit Axe |
| 12:20 | Research | Gold Mining |
| 12:20 | Research | Gold Mining |
| 12:27 | Research | Tech 1402 |
| 12:28 | Research | Tech 1402 |
| 12:50 | Create | Villager (Male) |
| 12:50 | Create | Villager (Male) |
| 12:55 | Build | Farm |
| 12:59 | Build | Farm |
| 13:01 | Create | Villager (Male) |
| 13:01 | Create | Villager (Male) |
| 13:18 | Build | Blacksmith |
| 13:35 | Build | Market |
| 13:38 | Build | Farm |
| 13:41 | Build | Farm |
| 13:46 | Create | Unit 2550 |
| 13:46 | Create | Unit 2550 |
| 14:15 | Research | Forging |
| 14:16 | Research | Forging |
| 14:20 | Create | Villager (Male) |
| 14:20 | Create | Villager (Male) |
| 14:31 | Build | House |
| 14:32 | Build | House |
| 14:33 | Build | House |
| 14:34 | Build | House |
| 14:34 | Build | House |
| 14:36 | Build | House |
| 14:38 | Build | House |
| 14:42 | Create | Villager (Male) |
| 14:42 | Create | Villager (Male) |
| 14:47 | Create | Unit 2550 |
| 14:48 | Create | Unit 2550 |
| 15:04 | Build | Farm |
| 15:06 | Build | Farm |
| 15:12 | Create | Villager (Male) |
| 15:12 | Create | Villager (Male) |
| 15:21 | Build | Farm |
| 15:25 | Create | Villager (Male) |
| 15:26 | Create | Villager (Male) |
| 15:45 | Research | Stone Mining |
| 15:47 | Create | Villager (Male) |
| 15:48 | Create | Villager (Male) |
| 16:03 | Build | Settlement |
| 16:09 | Build | Farm |
| 16:21 | Research | Wheelbarrow |
| 16:21 | Research | Wheelbarrow |
| 16:37 | Build | Farm |
| 16:52 | Create | Villager (Male) |
| 16:52 | Create | Villager (Male) |
| 17:23 | Create | Unit 2550 |
| 17:26 | Research | Scale Mail Armor |
| 17:27 | Research | Scale Mail Armor |
Build order — Brownapple
First 150 of 196 actions detected
| 0:11 | Build | House |
| 0:22 | Create | Villager (Male) |
| 0:22 | Create | Villager (Male) |
| 0:23 | Create | Villager (Male) |
| 0:23 | Create | Villager (Male) |
| 1:41 | Create | Villager (Male) |
| 1:41 | Create | Villager (Male) |
| 2:42 | Build | Settlement |
| 2:46 | Create | Villager (Male) |
| 2:46 | Create | Villager (Male) |
| 2:47 | Create | Villager (Male) |
| 3:00 | Build | House |
| 3:15 | Research | Loom |
| 3:15 | Create | Villager (Male) |
| 3:15 | Create | Villager (Male) |
| 3:16 | Create | Villager (Male) |
| 3:57 | Create | Villager (Male) |
| 5:06 | Create | Villager (Male) |
| 5:06 | Create | Villager (Male) |
| 5:06 | Create | Villager (Male) |
| 5:07 | Create | Villager (Male) |
| 6:16 | Build | Settlement |
| 6:33 | Create | Villager (Male) |
| 6:33 | Create | Villager (Male) |
| 7:45 | Create | Villager (Male) |
| 7:46 | Create | Villager (Male) |
| 7:46 | Create | Villager (Male) |
| 7:46 | Create | Villager (Male) |
| 9:14 | Research | Feudal Age |
| 9:57 | Build | House |
| 10:53 | Create | Villager (Male) |
| 10:53 | Create | Villager (Male) |
| 10:54 | Create | Villager (Male) |
| 11:24 | Age | Feudal Age |
| 12:21 | Build | Barracks |
| 12:26 | Create | Villager (Male) |
| 12:27 | Create | Villager (Male) |
| 13:01 | Build | Settlement |
| 13:08 | Build | Farm |
| 13:21 | Build | House |
| 13:40 | Build | Farm |
| 13:42 | Create | Villager (Male) |
| 13:42 | Create | Villager (Male) |
| 13:42 | Create | Villager (Male) |
| 13:43 | Create | Villager (Male) |
| 13:43 | Create | Villager (Male) |
| 13:44 | Create | Villager (Male) |
| 13:44 | Create | Villager (Male) |
| 13:48 | Research | Double-Bit Axe |
| 14:13 | Build | Farm |
| 14:44 | Build | Blacksmith |
| 14:52 | Create | Spearman |
| 14:52 | Create | Spearman |
| 15:39 | Build | Farm |
| 15:52 | Build | Archery Range |
| 16:07 | Build | House |
| 16:40 | Build | Farm |
| 16:42 | Build | Farm |
| 16:45 | Build | Farm |
| 16:49 | Create | Villager (Male) |
| 16:50 | Create | Villager (Male) |
| 16:51 | Create | Villager (Male) |
| 16:52 | Create | Villager (Male) |
| 17:27 | Build | Farm |
| 17:32 | Research | Castle Age |
| 17:34 | Create | Villager (Male) |
| 17:34 | Create | Villager (Male) |
| 17:56 | Create | Spearman |
| 17:56 | Create | Spearman |
| 18:56 | Build | Archery Range |
| 19:00 | Research | Forging |
| 19:00 | Research | Fletching |
| 19:06 | Create | Spearman |
| 19:06 | Create | Spearman |
| 19:10 | Create | Archer |
| 19:11 | Create | Archer |
| 19:18 | Build | Farm |
| 19:22 | Build | Farm |
| 19:24 | Build | Farm |
| 19:26 | Research | Horse Collar |
| 19:32 | Research | Gold Mining |
| 19:52 | Build | Farm |
| 19:55 | Build | Farm |
| 20:19 | Age | Castle Age |
| 20:27 | Build | Archery Range |
| 20:32 | Research | Crossbowman (upgrade) |
| 20:36 | Research | Bodkin Arrow |
| 20:53 | Build | Farm |
| 20:59 | Create | Villager (Male) |
| 21:00 | Create | Villager (Male) |
| 21:05 | Build | House |
| 21:07 | Build | House |
| 21:22 | Create | Archer |
| 21:22 | Create | Archer |
| 21:23 | Create | Archer |
| 21:23 | Create | Archer |
| 21:23 | Create | Archer |
| 21:24 | Create | Archer |
| 21:25 | Create | Archer |
| 21:46 | Build | Watch Tower |
| 21:58 | Build | Settlement |
| 22:04 | Research | Bow Saw |
| 22:06 | Research | Stone Mining |
| 22:10 | Research | Stone Mining |
| 22:15 | Build | Farm |
| 22:17 | Create | Villager (Male) |
| 22:23 | Create | Villager (Male) |
| 22:43 | Build | Farm |
| 22:51 | Build | Farm |
| 22:53 | Create | Villager (Male) |
| 22:53 | Create | Villager (Male) |
| 23:26 | Research | Wheelbarrow |
| 23:48 | Build | Siege Workshop |
| 23:54 | Research | Pikeman (upgrade) |
| 24:01 | Create | Archer |
| 24:01 | Create | Archer |
| 24:01 | Create | Archer |
| 24:01 | Create | Archer |
| 24:02 | Create | Archer |
| 24:02 | Create | Archer |
| 24:44 | Create | Spearman |
| 24:44 | Create | Spearman |
| 24:45 | Create | Spearman |
| 24:47 | Create | Battering Ram |
| 25:14 | Build | Farm |
| 25:15 | Create | Villager (Male) |
| 25:16 | Create | Villager (Male) |
| 25:16 | Create | Villager (Male) |
| 25:55 | Build | House |
| 26:15 | Research | Scale Mail Armor |
| 26:20 | Create | Spearman |
| 26:20 | Create | Spearman |
| 26:25 | Research | Squires |
| 26:33 | Build | Barracks |
| 26:41 | Create | Archer |
| 26:42 | Create | Archer |
| 26:42 | Create | Archer |
| 26:42 | Create | Archer |
| 26:43 | Create | Archer |
| 26:43 | Create | Archer |
| 26:50 | Research | Gold Shaft Mining |
| 27:16 | Build | House |
| 27:56 | Build | University |
| 28:17 | Create | Archer |
| 28:30 | Build | Archery Range |
| 28:47 | Create | Villager (Male) |
| 28:47 | Create | Villager (Male) |
| 28:47 | Create | Villager (Male) |
| 28:48 | Create | Villager (Male) |
| 28:52 | Create | Villager (Male) |
Match timeline
| 7:24 | JB18CM · first_building Barracks |
| 10:05 | Swamp · age_up feudal |
| 10:51 | Xue-tenantSHEEP · age_up feudal |
| 11:02 | Przemoboski · age_up feudal |
| 11:12 | Andrea · first_building Barracks |
| 11:24 | Brownapple · age_up feudal |
| 11:26 | Andrea · age_up feudal |
| 12:13 | JB18CM · age_up feudal |
| 12:21 | Brownapple · first_building Barracks |
| 12:35 | DMRL · age_up feudal |
| 14:13 | Swamp · age_up castle |
| 14:23 | Janko · age_up feudal |
| 15:18 | Przemoboski · age_up castle |
| 15:20 | Swamp · first_market_buy 100 stone |
| 15:52 | Brownapple · first_building Archery Range |
| 17:30 | DMRL · first_market_sell 500 wood |
| 17:48 | JB18CM · resign |
| 19:22 | Xue-tenantSHEEP · first_market_sell 500 stone |
| 19:25 | Xue-tenantSHEEP · first_market_buy 100 food |
| 20:19 | Brownapple · age_up castle |
| 22:27 | Swamp · first_building Castle |
| 23:48 | Brownapple · first_building Siege Workshop |
| 24:09 | Xue-tenantSHEEP · age_up castle |
| 24:19 | Xue-tenantSHEEP · first_building Castle |
| 24:25 | DMRL · age_up castle |
| 24:48 | Przemoboski · first_building Castle |
| 26:15 | DMRL · first_market_buy 100 stone |
| 26:26 | Przemoboski · first_building Barracks |
| 26:47 | Xue-tenantSHEEP · first_building Siege Workshop |
| 27:43 | Przemoboski · first_building Stable |
| 28:37 | Janko · age_up castle |
| 28:41 | Swamp · first_market_sell 100 wood |
| 29:11 | Janko · first_market_buy 100 wood |
| 29:12 | Xue-tenantSHEEP · age_up imperial |
| 30:11 | Brownapple · first_building Castle |
| 30:27 | Przemoboski · age_up imperial |
| 30:39 | Swamp · first_building Barracks |
| 31:59 | Brownapple · first_market_sell 100 food |
| 32:11 | Swamp · first_building Stable |
| 32:14 | DMRL · first_building Barracks |
| 33:32 | Swamp · age_up imperial |
| 33:52 | DMRL · first_building Siege Workshop |
| 35:28 | Brownapple · age_up imperial |
| 35:55 | Przemoboski · first_market_sell 100 wood |
[ AI ANALYSIS · 1 CREDIT ]
What really happened in this match?
Wolo.gg analyzes every decision: build order, eco, micro, common mistakes by bracket. Personalized analysis on WhatsApp or Discord in 30 seconds.
Civ guide
Aztecs
Map guide
Amazon Tunnel
Perfil
Jugador #24501704